cohdb
Replays
Latest Replays
All Replays
Popular Replays
Top Player Replays
Match Explorer
How It Works
Community
CoH3 Stats
Reddit
Sign in to upload your games and track your stats! →
Sign in with Steam
Match 35767778
Unlisted
Match 35767778
Overview
Messages
Build Orders
End
Panzergrenadier Squad
250 Light Carrier
Panzergrenadier Squad
Panzergrenadier Squad
Panzergrenadier Squad
Construct Light Support Kompanie
Selects Italian Infantry
Selects Guastatori Squad
Fire Support Elements
Guastatori Squad
2.5-tonne Medical Truck
Flakvierling Half-track
Tungsten Core Ammunition
MuniekPL
|-J5D-| MAREK POLSKA
Husar
KAZMI
Obaid Khattak
zilrayprime
0
0
Comments
sign in to comment!
No comments posted yet!